 Dungeon Crawl Stone Soup version 0.31-a0-217-g58bb5d79cf (webtiles) character file.

Game seed: 7327450595525192281

10721 pokeman the Eclecticist (level 11, -4/62 HPs)
             Began as a Deep Elf Hedge Wizard on July 2, 2023.
             Was an Initiate of Vehumet.
             Slain by a two-headed ogre
             ... wielding a +0 giant spiked club
              (13 damage)
             ... on level 11 of the Dungeon.
             The game lasted 00:32:11 (13779 turns).

pokeman the Eclecticist (Deep Elf Hedge Wizard)    Turns: 13779, Time: 00:32:12

Health: -4/62      AC:  6    Str:  7    XL:     11   Next: 39%
Magic:  5/32       EV: 13    Int: 24    God:    Vehumet [......]
Gold:   573        SH:  5    Dex: 14    Spells: 6/40 levels left

rFire   . . .        P - +3 dagger (venom)
rCold   . . .        (no shield)
rNeg    . . .        G - +2 robe
rPois   .            g - +0 helmet
rElec   .            (no cloak)
rCorr   .            k - +0 pair of gloves
SInv    .            (no boots)
Will    ++...        u - amulet of reflection
Stlth   ++           i - ring of willpower
HPRegen 0.30/turn    (no ring)
MPRegen 0.23/turn

%: reflection
@: slowed, very slow
A: no striking features
a: Renounce Religion


You were on level 11 of the Dungeon.
You worshipped Vehumet.
Vehumet was noncommittal.
You visited 2 branches of the dungeon, and saw 12 of its levels.

You collected 573 gold pieces.

Inventory:

Hand Weapons
 O - the +5 spear of Jaidirah {venom, rPois rF++ MP-9 Stlth+}
   (You found it on level 9 of the Dungeon)

   rF:        It greatly protects you from fire.
   rPois:     It protects you from poison.
   MP:        It affects your magic capacity (-9).
   Stlth:     It makes you more stealthy.
 P - a +3 dagger of venom (weapon)
Missiles
 p - a throwing net
 J - 4 curare-tipped darts
Armour
 g - a +0 helmet (worn)
 k - a +0 pair of gloves (worn)
 G - a +2 robe (worn)
 L - a +0 troll leather armour
Magical Staves
 r - a staff of conjuration
Jewellery
 h - an amulet of regeneration
 i - a ring of willpower (left hand)
 u - an amulet of reflection (around neck)
 N - a ring of ice
Wands
 a - a wand of charming (2)
 v - a wand of digging (4)
 I - a wand of light (13)
Scrolls
 b - a scroll of summoning {unknown}
 f - 5 scrolls of teleportation {unknown}
 l - 3 scrolls of amnesia {unknown}
 m - 13 scrolls of identify {unknown}
 t - a scroll of poison {unknown}
 w - a scroll of fog {unknown}
 x - a scroll of enchant weapon {unknown}
 y - a scroll of torment {unknown}
 A - a scroll of revelation {unknown}
 D - a scroll of brand weapon {unknown}
 E - a scroll of fear {unknown}
 H - a scroll of noise {unknown}
 M - a scroll of enchant armour {unknown}
Potions
 c - 2 potions of invisibility {unknown}
 d - 3 potions of magic
 e - 3 potions of might {unknown}
 j - 5 potions of brilliance {unknown}
 n - a potion of haste {unknown}
 o - 5 potions of heal wounds {unknown}
 q - 4 potions of curing
 s - a potion of cancellation {unknown}
 z - 2 potions of mutation {unknown}
 B - 2 potions of attraction {unknown}
 C - a potion of degeneration {unknown}
 F - 2 potions of berserk rage {unknown}
Miscellaneous
 K - a phantom mirror


   Skills:
 + Level 4.5 Fighting
 - Level 4.0 Armour
 - Level 3.0 Dodging
 - Level 3.0 Stealth
 * Level 15.0 Spellcasting
 + Level 9.5 Conjurations
 - Level 1.1 Summonings
 - Level 1.1 Translocations
 - Level 5.0 Fire Magic
 - Level 4.0 Ice Magic
 - Level 2.1 Air Magic
 + Level 4.5 Earth Magic
 - Level 1.0 Poison Magic
 - Level 1.0 Evocations


You had 6 spell levels left.
You knew the following spells:

 Your Spells              Type           Power      Damage    Failure   Level
a - Magic Dart            Conj           100%       1d8       1%          1
b - Mephitic Cloud        Conj/Pois/Air  38%        N/A       1%          3
c - Call Imp              Summ           46%        N/A       3%          2
d - Blink                 Tloc           46%        N/A       3%          2
e - Iskenderun's Mystic   Conj/Tloc      43%        2d10      3%          4
f - Iskenderun's Battles  Conj           59%        2d11      1%          5
g - Starburst             Conj/Fire      26%        6d8       24%         6
h - Freezing Cloud        Conj/Ice/Air   21%        6-21      10%         5
i - Leda's Unmaking       Conj/Erth      25%        9d5       26%         6

Your spell library contained the following spells:

 Spells                   Type           Power      Damage    Failure   Level
 Dazzling Flash           Conj/Hex       82%        N/A       1%          3
 Poisonous Vapours        Pois/Air       50%        N/A       2%          2
 Volatile Blastmotes      Fire/Tloc      64%        2d15      2%          3
 Slow                     Hex            72%        N/A       3%          1
 Cigotuvi's Dreadful Rot  Necr/Pois/Air  46%        N/A       3%          2
 Portal Projectile        Hex/Tloc       40%        N/A       8%          3
 Confusing Touch          Hex            18%        N/A       10%         3
 Tukima's Dance           Hex            18%        N/A       10%         3
 Vampiric Draining        Necr           18%        2d7       10%         3
 Blade Hands              Tmut           9%         N/A       65%         5
 Spellforged Servitor     Conj/Summ      21%        N/A       96%         7


Dungeon Overview and Level Annotations

Branches:
Dungeon (11/15)            Temple (1/1) D:5             Orc (0/2) D:10
   Lair: D:8-11

Altars:
Ashenzari
Cheibriados
Dithmenos
Elyvilon
Fedhas
Gozag
Hepliaklqana
Kikubaaqudgha
Makhleb
Nemelex Xobeh
Okawaru
Qazlal
Ru
Sif Muna
Trog
Uskayaw
Vehumet
Wu Jian
Xom
Yredelemnul
Zin
The Shining One

Shops:
D:7 [   D:8 *


Message History

Confirm with . or Enter, or press ? or * to list all spells.
Aiming: Magic Dart (safe; 1% risk of failure)
Press: ? - help, Shift-Dir - straight line, f/p - Gastronok
Aim: Gastronok, wearing a +1 hat (almost dead, covering ground quickly, 100% to hit)
The magic dart hits the quokka.
You kill the quokka!
The quokka's corpse disappears in a puff of smoke!
Your battlesphere fires!
The barrage of energy hits Gastronok!
Gastronok is almost dead.
Gastronok looks at you and mumbles some strange words.
You feel yourself slow down.
Casting: Magic Dart (safe; 1% risk of failure)
Confirm with . or Enter, or press ? or * to list all spells.
Aiming: Magic Dart (safe; 1% risk of failure)
Press: ? - help, Shift-Dir - straight line, f/p - Gastronok
Aim: Gastronok, wearing a +1 hat (almost dead, covering ground quickly, ally target, 100% to hit)
The magic dart hits Gastronok.
Gastronok is almost dead.
Your battlesphere fires!
The barrage of energy hits Gastronok.
You kill Gastronok!
Vehumet accepts your kill.
Your Spellcasting skill increases to level 15!
The two-headed ogre attacks as you move away!
The two-headed ogre hits you with a +0 giant spiked club!!
* * * LOW HITPOINT WARNING * * *
The two-headed ogre barely misses you.
The two-headed ogre hits your battlesphere with a +0 giant spiked club!!
Your battlesphere is destroyed!
Casting: Magic Dart (safe; 1% risk of failure)
Confirm with . or Enter, or press ? or * to list all spells.
Aiming: Mephitic Cloud (safe; 1% risk of failure)
Press: ? - help, Shift-Dir - straight line, f - two-headed ogre
Aim: a two-headed ogre, wielding two +0 giant spiked clubs (chance to affect: 53%)
Okay, then.
Unknown command.
You block the two-headed ogre's attack.
The two-headed ogre hits you with a +0 giant spiked club!
You die...

.)............#<#
###.......#.#
#...#$....#O#
#.### ....#D#
###.# .###.#
#...# # #.# ##
##.### #####.## .
####O.# #...$...
####### ##..@.##
#..>.... .......
##..#### #.......
####### #..##
#....... # #.##
#..#...# ## ##.#
#...###. .# ##..#
#... . .# ##.<##
#... .
.########[.##
........).##


You could see a two-headed ogre.

Vanquished Creatures
  Gastronok (D:11)
  Erica (D:8)
  Pikel (D:5)
  A gargoyle (D:10)
  2 trolls (D:9)
  Grinder (D:4)
  Sigmund (D:4)
  2 wraiths
  A wyvern (D:10)
  15 yaks
  Grum (D:10)
  2 steam dragons
  Edmund (D:7)
  Menkaure (D:4)
  2 wargs (D:9)
  An ice beast (D:7)
  2 orc warriors
  2 ogres (D:6)
  2 sky beasts (D:8)
  4 wolves (D:10)
  7 centaurs
  2 lemures (D:5)
  A phantom (D:7)
  6 kobold brigands
  7 bullfrogs
  A gnoll sergeant (D:9)
  3 scorpions
  3 killer bees (D:7)
  4 howler monkeys
  2 jellies (D:5)
  3 hounds
  8 orc priests
  5 iguanas
  A sleepcap (D:6)
  Natasha (thrice) (D:3)
  9 orc wizards
  Ijyb (D:3)
  13 gnolls
  6 adders
  A shadow imp (D:6)
  6 white imps
  An ufetubus (D:7)
  A dart slug (D:2)
  38 orcs
  7 endoplasms
  A giant cockroach (D:4)
  6 goblins
  8 hobgoblins
  7 jackals
  47 kobolds
  2 quokkas
  6 ball pythons
  5 bats
  3 frilled lizards (D:1)
  3 rats
271 creatures vanquished.

Vanquished Creatures (collateral kills)
  A shadow imp (D:5)
  2 orcs (D:5)
3 creatures vanquished.

Vanquished Creatures (others)
  A kobold (D:5)
1 creature vanquished.

Grand Total: 275 creatures vanquished

Notes
Turn   | Place    | Note
-------+----------+-------------------------------------------
     0 | D:1      | pokeman the Deep Elf Hedge Wizard began the quest for the
                  | Orb.
     0 | D:1      | Reached XP level 1. HP: 10/10 MP: 7/7
   334 | D:1      | Found a faded altar of an unknown god.
   336 | D:1      | Reached XP level 2. HP: 15/15 MP: 7/9
  1060 | D:2      | Found a bloodstained altar of Trog.
  1154 | D:2      | Reached skill level 5 in Spellcasting
  1335 | D:2      | Reached XP level 3. HP: 20/20 MP: 8/11
  1339 | D:2      | Learned a level 3 spell: Mephitic Cloud
  1342 | D:2      | Learned a level 2 spell: Call Imp
  1345 | D:2      | Learned a level 2 spell: Blink
  1731 | D:2      | Reached skill level 1 in Fighting
  1731 | D:2      | Reached skill level 1 in Armour
  2047 | D:3      | Noticed Natasha
  2055 | D:3      | Killed Natasha
  2056 | D:3      | Reached XP level 4. HP: 21/25 MP: 5/13
  2372 | D:3      | Noticed Natasha
  2377 | D:3      | Noticed Ijyb
  3278 | D:3      | Killed Ijyb
  3279 | D:3      | Reached skill level 6 in Spellcasting
  3662 | D:3      | Killed Natasha
  3663 | D:3      | Reached XP level 5. HP: 29/29 MP: 8/15
  4017 | D:3      | Noticed Natasha
  4026 | D:3      | Killed Natasha
  4090 | D:3      | Learned a level 5 spell: Freezing Cloud
  4247 | D:3      | Reached skill level 1 in Poison Magic
  4348 | D:4      | Reached skill level 1 in Evocations
  4458 | D:4      | Noticed Menkaure
  4480 | D:4      | Killed Menkaure
  4481 | D:4      | Reached skill level 1 in Ice Magic
  4481 | D:4      | Reached skill level 1 in Air Magic
  4481 | D:4      | Reached XP level 6. HP: 28/34 MP: 7/17
  4715 | D:4      | Noticed Edmund
  4861 | D:4      | Noticed Grinder
  4888 | D:4      | Reached skill level 7 in Spellcasting
  5148 | D:4      | Paralysed by Grinder for 3 turns
  5152 | D:4      | Killed Grinder
  5153 | D:4      | Reached skill level 5 in Conjurations
  5153 | D:4      | Reached XP level 7. HP: 24/38 MP: 5/19
  5506 | D:4      | Noticed Sigmund
  5749 | D:4      | Killed Sigmund
  5846 | D:5      | Entered Level 5 of the Dungeon
  6082 | D:5      | Reached skill level 8 in Spellcasting
  6439 | D:5      | Reached XP level 8. HP: 27/44 MP: 16/22
  6454 | D:5      | Noticed Pikel
  6478 | D:5      | Killed Pikel
  6479 | D:5      | Reached skill level 9 in Spellcasting
  6594 | D:5      | Learned a level 4 spell: Iskenderun's Mystic Blast
  6601 | D:5      | Learned a level 6 spell: Starburst
  6649 | D:5      | Found a shimmering altar of Xom.
  6733 | D:5      | Found a staircase to the Ecumenical Temple.
  6737 | Temple   | Entered the Ecumenical Temple
  7388 | D:6      | Reached skill level 10 in Spellcasting
  7388 | D:6      | Reached skill level 1 in Fire Magic
  7398 | D:6      | Reached XP level 9. HP: 31/50 MP: 10/25
  8192 | D:7      | Found a large runed translucent door.
  8192 | D:7      | Found a large runed translucent door.
  8210 | D:7      | Reached skill level 11 in Spellcasting
  8229 | D:6      | HP: 2/50 [poisoned by a killer bee]
  8714 | D:7      | Reached skill level 12 in Spellcasting
  8984 | D:7      | Reached XP level 10. HP: 56/56 MP: 11/28
  9205 | D:7      | Found Yrialilo's Antique Armour Emporium.
  9281 | D:7      | Killed Edmund
  9511 | D:7      | Found a glowing golden altar of the Shining One.
  9514 | D:7      | Found a glowing silver altar of Zin.
  9758 | D:8      | Found Icwent's Gadget Gallery.
  9942 | D:8      | Noticed Erica
  9962 | D:8      | Killed Erica
  9963 | D:8      | Reached skill level 5 in Fire Magic
  9967 | D:8      | Reached skill level 13 in Spellcasting
 10046 | D:8      | Learned a level 5 spell: Iskenderun's Battlesphere
 10053 | D:8      | Learned a level 6 spell: Leda's Unmaking
 10228 | D:8      | Reached skill level 1 in Earth Magic
 10472 | D:9      | Found an ornate altar of the Wu Jian Council.
 11100 | D:9      | Identified the +5 spear of Jaidirah {venom, rPois rF++ MP-9
                  | Stlth+}
 11733 | D:9      | Reached skill level 14 in Spellcasting
 11942 | D:10     | Entered Level 10 of the Dungeon
 12283 | D:10     | Reached XP level 11. HP: 44/60 MP: 22/31
 12343 | D:10     | Found a staircase to the Orcish Mines.
 13004 | D:10     | Noticed Grum
 13032 | D:10     | Killed Grum
 13254 | D:10     | Found a shimmering blue altar of Sif Muna.
 13258 | D:10     | Found a radiant altar of Vehumet.
 13266 | D:10     | Found a broken altar of Ashenzari.
 13275 | D:10     | Became a worshipper of Vehumet
 13575 | D:11     | Noticed a two-headed ogre
 13589 | D:11     | Noticed a two-headed ogre
 13754 | D:11     | Noticed Gastronok
 13772 | D:11     | Killed Gastronok
 13773 | D:11     | Reached skill level 15 in Spellcasting
 13779 | D:11     | Slain by a two-headed ogre

Illustrated notes

Levels and vault maps discovered:
D:1:      dpeg_arrival_tiny_k, layout_basic,
          dreamdust_ecumenical_altar_angels_and_demons, minmay_misc_feat_cross
D:2:      layout_loops_ring, basic_altar
D:3:      layout_basic, uniq_ijyb, uniq_natasha
D:4:      layout_basic, uniq_sigmund, uniq_edmund, uniq_menkaure, uniq_grinder
D:5:      kennysheep_kobold_camp, layout_basic, mainiacjoe_overflow_chevrons,
          minmay_temple_entry_glassed_door, minmay_splitting_lines, uniq_pikel
D:6:      layout_basic
D:7:      layout_rooms, jmf_multi_god_temple2, serial_shops, shop
D:8:      minmay_octagon_keep, layout_basic, serial_glass, glass_columns_b,
          glass_columns_a, glass_columns_b, glass_columns_a,
          due_unseen_surprise, feat_on_display, feat_on_display,
          nicolae_shop_gadgets, uniq_erica
D:9:      layout_cave_pods, mainiacjoe_overflow_cross_hatched
D:10:     layout_gridville, minmay_overflow_temple_star_quad, erik_orc_4,
          uniq_grum
D:11:     layout_rooms, lair_entry_dummy, minmay_fractal_squares_diagonal_5,
          uniq_erolcha, uniq_gastronok
Temple:   hellmonk_temple_two_chambers

Skill      XL: |  1  2  3  4  5  6  7  8  9 10 11 |
---------------+----------------------------------+-----
Spellcasting   | 5 6 7 8 10 12 14 15 | 15.0
Fighting       | 1 3 4 |  4.5
Armour         | 1 3 4 |  4.0
Conjurations   | 2 3 5 6 7 9 |  9.5
Dodging        | 3 |  3.0
Stealth        | 3 |  3.0
Poison Magic   | 1 |  1.0
Evocations     | 1 |  1.0
Ice Magic      | 1 2 4 |  4.0
Air Magic      | 1 2 |  2.1
Fire Magic     | 1 4 5 |  5.0
Earth Magic    | 3 4 |  4.5
Summonings     | |  1.1
Translocations | |  1.1

Action                     |  1- 3 |  4- 6 |  7- 9 | 10-12 || total
---------------------------+-------+-------+-------+-------++-------
  Melee: Dagger            |     3 |    36 |   169 |   139 ||   347
         Punch             |       |       |     4 |     2 ||     6
  Throw: Throwing net      |       |     2 |       |       ||     2
   Cast: Magic Dart        |    86 |   109 |   185 |   129 ||   509
         Mephitic Cloud    |     1 |     9 |    31 |    42 ||    83
         Call Imp          |       |     5 |     2 |     2 ||     9
         Blink             |       |     1 |     1 |     2 ||     4
         Iskenderun's Myst |       |       |     3 |    31 ||    34
         Iskenderun's Batt |       |       |       |    14 ||    14
  Evoke: Wand              |       |       |       |     1 ||     1
   Stab: Confused          |       |     4 |    21 |    17 ||    42
 Armour: Robe              |     7 |    13 |    24 |    32 ||    76
  Dodge: Dodged            |    12 |    55 |    82 |   122 ||   271
  Block: Other             |       |     1 |    26 |    30 ||    57
         Reflection        |       |       |     1 |     4 ||     5

Table legend: (Time is in decaauts)
 A = Elapsed time spent in this place.
 B = Non-inter-level travel time spent in this place.
 C = Inter-level travel time spent in this place.
 D = Time resting spent in this place.
 E = Time spent auto-exploring this place.
 F = Levels seen in this place.
 G = Mean time per level.
                   A        B        C        D        E       F      G
               +--------+--------+--------+--------+--------+-----+--------+
         Total |  13781 |  13431 |    350 |   1190 |   9532 |  12 | 1148.4 |
       Dungeon |  13763 |  13417 |    346 |   1190 |   9522 |  11 | 1251.2 |
        Temple |     17 |     13 |      4 |      0 |     10 |   1 |   17.0 |
               +--------+--------+--------+--------+--------+-----+--------+

Top non-repeatable levels by time:
     D:3: 2123 daAuts
     D:9: 1590 daAuts
     D:4: 1579 daAuts
    D:10: 1466 daAuts
     D:5: 1328 daAuts
     D:7: 1186 daAuts
     D:6: 1163 daAuts
     D:2: 1079 daAuts
     D:8: 1060 daAuts
     D:1: 1059 daAuts
    D:11: 126 daAuts
  Temple: 17 daAuts
